Map: Romanticide LE

Players

funkymonkey

  • Race: Zerg Zerg
  • League: Master
  • Spawn Location: 5:00

ViBE - Winner!

  • Race: Protoss Protoss
  • League: Platinum
  • Spawn Location: 11:00

VOD

Have the link to the VOD?

Description

Time

  • Played on: March 27, 2021, 9:05 p.m.
  • Length: 10:57
Show
View Real Time Build Order
Export as new Build Order

funkymonkey Zerg 

Build Orders: Hatch First, Roach Hydra 

Get SALT Encoding   

  12  0:00  Drone  
  13  0:08  Drone  
  14  0:19  Overlord  
  14  0:38  Drone x2  
  16  0:52  Hatchery  
  16  0:54  Drone  
  16  1:00  Drone  
  16  1:03  Drone  
  18  1:13  Extractor  
  18  1:17  Spawning Pool  
  18  1:18  Drone  
  17  1:22  Drone  
  18  1:34  Drone  
  19  1:42  Drone  
  20  2:05  Zergling x4  
  20  2:06  Drone, Queen  
  20  2:07  Queen  
  27  2:14  Overlord  
  27  2:21  Metabolic Boost  
  27  2:26  Drone  
  28  2:33  Drone x2  
  30  2:37  Drone x2  
  32  2:47  Overlord x2  
  32  3:05  Drone x2  
  34  3:07  Extractor  
  34  3:10  Extractor  
  34  3:12  Drone x2  
  34  3:14  Roach Warren  
  34  3:17  Lair  
  33  3:32  Drone x4  
  33  3:33  Hatchery  
  36  3:41  Pneumatized Carapace  
  36  3:44  Drone x2  
  36  3:46  Extractor  
  37  3:55  Drone  
  37  3:56  Drone x2  
  37  3:58  Drone  
  37  4:01  Drone x2  
  43  4:19  Hydralisk Den  
  42  4:29  Overseer  
  42  4:38  Roach x5  
  52  4:41  Overlord x2  
  52  5:03  Roach x6  
  52  5:06  Grooved Spines  
  64  5:12  Queen  
  66  5:15  Queen  
  66  5:17  Drone  
  69  5:38  Glial Reconstitution  
  69  5:45  Hydralisk x3, Evolution Chamber  
  69  5:47  Evolution Chamber  
  69  5:48  Overlord x2  
  73  5:51  Drone  
  74  6:06  Overlord x2  
  74  6:08  Drone x3  
  74  6:09  Drone  
  78  6:17  Zerg Missile Weapons Level 1, Muscular Augments  
  78  6:27  Ravager  
  78  6:28  Ravager x3  
  81  6:41  Hydralisk x4, Roach x2  
  93  6:50  Drone x4  
  93  6:53  Extractor  
  96  6:54  Extractor  
  89  7:17  Hydralisk x7  
  94  7:35  Zerg Ground Armor Level 1  
  94  7:38  Drone x5  
  94  7:39  Drone x3  
  94  7:41  Drone x3  
  105  7:51  Spire  
  104  7:59  Drone  
  104  8:01  Baneling Nest  
  104  8:10  Overlord x3  
  104  8:22  Overseer  
  104  8:30  Roach x4  
  104  8:31  Ravager x2  
  104  8:32  Ravager x2  
  116  8:42  Hatchery  
  115  9:09  Zergling x10  
  120  9:12  Hydralisk  
  120  9:13  Hydralisk, Roach x2  
  120  9:15  Overlord x2  
  128  9:21  Drone  
  104  9:45  Hydralisk, Roach x2  
  104  9:46  Hydralisk x2, Roach x4  
  102  9:59  Zergling x4  
  97  10:00  Baneling x2  
  97  10:01  Baneling x2  
  97  10:04  Roach x2  
  101  10:10  Drone x3  
  101  10:12  Mutalisk  
  104  10:14  Extractor  
Show
View Real Time Build Order
Export as new Build Order

ViBE Protoss - Winner!

Build Orders: 1 Gate Expand, Double Forge, Archon Immortal 

Get SALT Encoding   

  12  0:00  Probe  
  13  0:12  Probe  
  14  0:22  Pylon  
  14  0:24  Probe  
  15  0:40  Probe (Chrono Boost)  
  15  0:42  Gateway  
  16  0:50  Assimilator  
  16  0:52  Probe (Chrono Boost)  
  17  0:58  Probe (Chrono Boost)  
  18  1:06  Probe  
  19  1:19  Probe  
  20  1:26  Nexus  
  20  1:34  Cybernetics Core  
  20  1:38  Probe  
  21  1:42  Assimilator  
  21  1:50  Probe  
  21  1:52  Pylon  
  22  2:02  Probe (Chrono Boost)  
  23  2:14  Probe (Chrono Boost)  
  24  2:18  Stalker, Warp Gate  
  24  2:21  Probe (Chrono Boost)  
  27  2:29  Probe (Chrono Boost)  
  28  2:38  Probe (Chrono Boost)  
  28  2:41  Probe (Chrono Boost)  
  30  2:47  Probe (Chrono Boost), Gateway  
  30  2:48  Sentry  
  33  2:53  Probe  
  33  2:54  Probe, Robotics Facility  
  35  3:05  Probe  
  36  3:06  Probe  
  37  3:17  Probe  
  37  3:18  Probe, Pylon  
  39  3:29  Probe  
  39  3:30  Probe  
  41  3:34  Pylon  
  41  3:35  Stalker x2  
  45  3:41  Probe  
  45  3:42  Probe  
  45  3:44  Immortal  
  51  3:53  Probe  
  51  3:54  Probe  
  53  4:00  Nexus  
  53  4:05  Pylon  
  53  4:10  Pylon  
  53  4:12  Probe x2  
  55  4:18  Assimilator x2  
  55  4:20  Stalker x2  
  59  4:28  Probe x2 (Chrono Boost)  
  61  4:32  Immortal  
  65  4:40  Probe x2 (Chrono Boost)  
  67  4:47  Probe x2 (Chrono Boost)  
  69  4:53  Twilight Council  
  69  4:54  Probe (Chrono Boost)  
  69  4:55  Probe (Chrono Boost)  
  69  4:57  Forge  
  69  4:58  Forge  
  71  5:06  Probe (Chrono Boost)  
  73  5:07  Probe (Chrono Boost)  
  73  5:13  Stalker x2  
  73  5:14  Probe x2 (Chrono Boost)  
  77  5:16  Probe (Chrono Boost), Observer  
  81  5:24  Gateway  
  81  5:25  Gateway  
  81  5:28  Gateway  
  81  5:31  Probe x2  
  81  5:32  Probe, Protoss Ground Weapons Level 1 (Chrono Boost), Protoss Ground Armor Level 1 (Chrono Boost)  
  84  5:39  Charge  
  84  5:45  Probe x3  
  84  5:46  Templar Archives  
  87  5:50  Zealot x2  
  87  5:56  Pylon  
  91  5:58  Probe x2  
  91  6:00  Pylon  
  93  6:12  Nexus  
  93  6:14  Probe  
  93  6:15  Pylon  
  93  6:16  Probe x2  
  96  6:18  Pylon  
  96  6:20  Assimilator x2  
  96  6:25  Immortal  
  100  6:26  Probe  
  100  6:28  Probe  
  100  6:29  Probe  
  103  6:36  High Templar  
  103  6:37  High Templar  
  103  6:38  High Templar  
  103  6:39  Probe  
  110  6:40  Probe  
  110  6:41  Probe, High Templar, Zealot  
  110  6:46  Archon x2  
  116  6:51  Probe  
  116  6:53  Probe x2  
  119  7:01  Pylon  
  119  7:03  Probe  
  119  7:04  Pylon  
  114  7:11  Immortal  
  114  7:12  Zealot x4  
  114  7:13  Zealot  
  125  7:19  Robotics Facility  
  125  7:20  Gateway  
  125  7:22  Gateway  
  125  7:23  Probe x2  
  125  7:24  Gateway  
  125  7:26  Protoss Ground Weapons Level 2 (Chrono Boost), Protoss Ground Armor Level 2 (Chrono Boost)  
  125  7:28  Probe  
  125  7:29  Probe  
  129  7:35  Probe  
  129  7:36  Probe  
  131  7:41  Probe x2  
  133  7:48  Zealot x5  
  133  7:50  Immortal  
  143  7:55  Probe x3  
  143  7:56  Probe  
  151  8:07  Probe x2, Nexus  
  151  8:08  Probe x2  
  151  8:10  Pylon  
  151  8:12  Assimilator  
  155  8:13  Pylon  
  155  8:14  Assimilator  
  155  8:17  Immortal  
  155  8:23  Immortal  
  163  8:37  Pylon  
  163  8:43  High Templar  
  163  8:44  High Templar x3, Nexus  
  163  8:45  Pylon  
  171  8:48  Pylon  
  171  9:00  High Templar x2  
  171  9:02  High Templar x2  
  179  9:05  Archon x3  
  179  9:06  Archon  
  179  9:13  Immortal x2  
  187  9:17  Zealot x2  
  187  9:18  Zealot x2  
  191  9:38  Probe  
  191  9:43  Zealot x3  
  191  9:44  Zealot  
  196  9:49  Gateway  
  196  9:51  Gateway  
  194  9:53  Gateway  
  194  9:56  Gateway  
  194  9:58  Gateway  
  194  9:59  Immortal  
  198  10:00  Gateway x2  
  198  10:05  Gateway  
  198  10:07  Gateway  
  198  10:10  Gateway  
  198  10:12  Gateway  
  198  10:16  Gateway  
  198  10:19  Gateway  
  198  10:23  Gateway  
  182  10:41  Zealot x4  
  198  10:42  Zealot  
Tags
 
Add a new tag
Caveats
  • Supply blocks, unpowered buildings, or Contaminate may cause inaccurate times.
  • Supply counts are checked every 10 seconds.